 Dungeon Crawl Stone Soup version 0.25-a0-290-g4a1327ee3a (webtiles) character file.

Game seed: 371605230354740215, levelgen mode: classic

57 Borgoz the Skirmisher (level 4, 0/29 HPs)
             Began as a Kobold Fighter on Dec 15, 2019.
             Slain by an adder zombie (2 damage)
             ... on level 2 of the Dungeon.
             The game lasted 00:02:04 (1117 turns).

Borgoz the Skirmisher (Kobold Fighter)              Turns: 1117, Time: 00:02:04

Health: 0/29       AC:  5    Str: 19    XL:     4   Next: 18%
Magic:  4/4        EV: 10    Int: 14    God:
Gold:   72         SH:  5    Dex: 14    Spells: 3/3 levels left

rFire    . . .     SeeInvis .   a - +0 rapier
rCold    . . .     Gourm    .   g - +0 buckler
rNeg     . . .     Faith    .   c - +0 ring mail
rPois    .         Spirit   .   (no helmet)
rElec    .         Reflect  .   (no cloak)
rCorr    .         Harm     .   (no gloves)
MR       .....                  (no boots)
Stlth    +.........             (no amulet)
HPRegen  0.09/turn              b - -3 ring of evasion (curse)
MPRegen  0.09/turn              (no ring)

@: mighty, brilliant
A: small, carnivore
a: no special abilities


You were on level 2 of the Dungeon.
You were completely stuffed.

You visited 1 branch of the dungeon, and saw 2 of its levels.

You collected 72 gold pieces.

Inventory:

Hand Weapons
 a - a +0 rapier (weapon)
Armour
 c - a +0 ring mail (worn)
 g - a +0 buckler (worn)
Jewellery
 b - a cursed -3 ring of evasion (left hand)
Comestibles
 f - 5 rations
 h - 3 chunks of flesh


   Skills:
 * Level 3.7 Fighting
 * Level 3.4 Short Blades
 * Level 2.7 Armour
 * Level 1.7 Dodging
 + Level 1.2 Stealth
 + Level 2.5 Shields


You had 3 spell levels left.
You didn't know any spells.
Your spell library was empty.

Dungeon Overview and Level Annotations

Branches:
Dungeon (2/15)

Altars:


Innate Abilities, Weirdness & Mutations

You are small and have problems with some larger weapons.
You are carnivorous and can eat meat at any time.


Message History

You feel clever all of a sudden. The adder skeleton bites you.
* * * LOW HITPOINT WARNING * * *
You feel very mighty all of a sudden. You block the adder skeleton's attack.
You impale the adder skeleton!!
You destroy the adder skeleton!
You closely miss the adder zombie.
The adder zombie bites you but does no damage.
You closely miss the adder zombie. The adder zombie barely misses you.
You puncture the worm!
The worm is severely wounded.
You puncture the worm!
You kill the worm!
Your shield and ring mail prevent you from hitting the adder zombie.
The adder zombie bites you but does no damage.
You puncture the adder zombie!
The adder zombie is heavily damaged.
The adder zombie bites you.
You die...

#.# #..##.########.# #.#
###)>#...........#####...
#.###.......##.............#
.........##.##.####..#######
#.###.##.##.# #....(.... #.#
#.##.##.##.####..####### #.#
#.##...............# #.
#.......##[###...#.#
...##..#.#####..@Z...#.#
................##..## .
..###.รท....###.. #.......
##.###.# #........8... ..#
># #.######....P. .### .# ..
.##.. #. #... .# # . ... #
#.


You could see an adder zombie.

Vanquished Creatures
  An ooze (D:1)
  An adder skeleton (D:2)
  A worm (D:2)
  5 leopard geckos (D:1)
  4 giant cockroaches (D:1)
  4 goblins (D:1)
  5 hobgoblins
  3 kobolds (D:1)
  3 ball pythons (D:1)
  9 bats
  A frilled lizard (D:2)
  A rat (D:1)
38 creatures vanquished.

Notes
Turn   | Place    | Note
-------+----------+-------------------------------------------
     0 | D:1      | Borgoz the Kobold Fighter began the quest for the Orb.
     0 | D:1      | Reached XP level 1. HP: 14/14 MP: 1/1
     2 | D:1      | Noticed a troll
     2 | D:1      | Noticed a tengu
     4 | D:1      | Noticed a demonspawn
     6 | D:1      | Noticed a gargoyle
     6 | D:1      | Noticed a minotaur
     8 | D:1      | Noticed an ogre
     8 | D:1      | Noticed a vine stalker
    12 | D:1      | Noticed a dwarf
    14 | D:1      | Noticed a ghoul
    14 | D:1      | Noticed a naga
    16 | D:1      | Noticed a felid
    16 | D:1      | Noticed a draconian
    19 | D:1      | Noticed a merfolk
    19 | D:1      | Noticed an octopode
    21 | D:1      | Noticed a demigod
    21 | D:1      | Noticed a vampire
    23 | D:1      | Noticed a halfling
    23 | D:1      | Noticed an elf
    25 | D:1      | Noticed a centaur
    25 | D:1      | Noticed a formicid
    27 | D:1      | Noticed a spriggan
    27 | D:1      | Noticed a human
   161 | D:1      | Reached XP level 2. HP: 17/19 MP: 2/2
   201 | D:1      | Reached skill level 1 in Dodging
   222 | D:1      | Reached XP level 3. HP: 12/23 MP: 3/3
  1022 | D:2      | Reached XP level 4. HP: 29/29 MP: 4/4
  1040 | D:2      | Reached skill level 1 in Stealth
  1117 | D:2      | Slain by an adder zombie

Levels and vault maps discovered:
D:1:      kb_arrival_jail, layout_rooms, hex_large, minmay_pentomino_u2
D:2:      layout_loops_ring, serial_undead, serial_undead_a, serial_undead_b,
          serial_undead_e, serial_undead_b, serial_undead_e, serial_undead_a,
          serial_undead_e

Skill      XL: |  1  2  3  4 |
---------------+-------------+-----
Short Blades   | 3 |  3.4
Dodging        | 1 |  1.7
Stealth        | 1 |  1.2
Fighting       | |  3.7
Armour         | |  2.7
Shields        | |  2.5

Action                   |  1- 3 |  4- 6 || total
-------------------------+-------+-------++-------
Melee: Rapier            |   135 |    20 ||   155
  Use: Potion            |     1 |     2 ||     3
       Scroll            |     2 |       ||     2
  Eat: Chunk             |     8 |     1 ||     9
Armor: Scale mail        |    49 |       ||    49
       Ring mail         |    17 |     9 ||    26
Dodge: Dodged            |    94 |    10 ||   104
Block: Shield            |     4 |       ||     4
       Buckler           |    27 |     5 ||    32

Table legend:
 A = Non-vault XP
 B = Vault XP
 C = Vault XP percentage of total XP
 D = Non-vault monster count
 E = Vault monster count
 F = Vault count percentage of total count
                 A         B        C        D         E       F
            +---------+---------+-------+---------+---------+-------
      Total |      72 |      10 |  12.2 |      35 |       3 |   7.9
            +---------+---------+-------+---------+---------+-------
        D:1 |      60 |       5 |   7.7 |      30 |       2 |   6.2
        D:2 |      12 |       5 |  29.4 |       5 |       1 |  16.7
            +---------+---------+-------+---------+---------+-------
